 Dungeon Sprint DCSS version 0.23-a0-625-g1d2cd9b (webtiles) character file.

3839 galech the Cleaver (level 9, -1/81 HPs)
             Began as a Demonspawn Fighter on Dec 24, 2018.
             Was a High Priest of Okawaru.
             Slain by an Executioner (2 damage)
             ... summoned by Gloorx Vloq
             ... in the Dungeon (Sprint VII: "The Pits").
             The game lasted 00:03:56 (1442 turns).

galech the Cleaver (Demonspawn Fighter)             Turns: 1442, Time: 00:03:57

Health: -1/81      AC: 24    Str: 18    XL:     9   Next: 98%
Magic:  11/11      EV:  9    Int:  9    God:    Okawaru [*****.]
Gold:   0          SH: 12    Dex: 19    Spells: 8/8 levels left

rFire    + . .     SeeInvis .   t - +1 broad axe (chop)
rCold    . . .     Gourm    .   c - +0 shield
rNeg     . . .     Faith    .   w - +4 chain mail
rPois    .         Spirit   .   (no helmet)
rElec    .         Reflect  .   u - +0 cloak
rCorr    .         Harm     .   v - +0 pair of gloves
MR       .....     NoTele   +   (no boots)
Stlth    ..........             (no amulet)
HPRegen  0.23/turn              p - +3 ring of protection
MPRegen  0.12/turn              l - +3 ring of protection

@: no status effects
A: hooves 1, thin skeletal structure 2, fire resistance 1, spiny 1
a: Heroism, Finesse, Renounce Religion


You were in the Dungeon.
You worshipped Okawaru.
Okawaru was extremely pleased with you.
You were not hungry.

You visited 1 branch

Inventory:

Hand Weapons
 r - a +3 hand axe of freezing
 t - a +1 broad axe of chopping (weapon)
Armour
 c - a +0 shield (worn)
 u - a +0 cloak (worn)
 v - a +0 pair of gloves (worn)
 w - a +4 chain mail (worn)
Jewellery
 l - a +3 ring of protection (right hand)
 p - a +3 ring of protection (left hand)
Scrolls
 k - a scroll of blinking
 m - 3 scrolls of remove curse
 n - 5 scrolls of amnesia
 o - a scroll of summoning
Potions
 a - 2 potions of invisibility
 d - a potion of might
 e - 9 potions of curing
 g - 5 potions of heal wounds
 h - a potion of haste
 i - 4 potions of magic
 j - 4 potions of berserk rage
 s - 4 potions of mutation
Comestibles
 b - 2 chunks of flesh
 f - 9 rations


   Skills:
 + Level 11.6 Fighting
 + Level 11.7 Axes
 + Level 9.9 Armour
 + Level 3.7 Dodging
 + Level 1.5 Stealth
 + Level 10.7 Shields
 + Level 2.8 Invocations


You had 8 spell levels left.
You didn't know any spells.
Your spell library was empty.

Dungeon Overview and Level Annotations

Branches:
Dungeon (1/1)

Altars:
Ashenzari
Cheibriados
Dithmenos
Elyvilon
Fedhas
Gozag
Hepliaklqana
Kikubaaqudgha
Makhleb
Nemelex Xobeh
Okawaru
Qazlal
Ru
Sif Muna
Trog
Uskayaw
Vehumet
Wu Jian
Xom
Yredelemnul
Zin
The Shining One
Beogh
Jiyva
Lugonu

Annotations:
D Gloorx Vloq


Innate Abilities, Weirdness & Mutations

You have large cloven feet.
You have a moderately thin skeletal structure. (Dex +4, Stealth+)
Your flesh is heat resistant. (rF+)
You are partially covered in sharp spines.


Message History

There is a huge open gate to the Main Hall (Safe) here.
You block the Executioner's attack.
The Executioner hits you but does no damage.
The Executioner hits you.
A minotaur comes into view.
The Executioner is struck by your spines.
The Executioner hits you!
The Executioner hits you but does no damage. x2
The minotaur bellows!
You block the Executioner's attack.
The Executioner hits you but does no damage. x2
Gloorx Vloq calls on the powers of darkness!
Your body is wracked with pain!
* * * LOW HITPOINT WARNING * * *
The minotaur throws a javelin of penetration.
The javelin of penetration pierces through you!
* * * LOW HITPOINT WARNING * * *
The Executioner barely misses you. You block the Executioner's attack.
The Executioner hits you.
You die...

..........#
.p#....
..........# .....
..#....#..#####'1#
..........''..pD.#
..........''..&..#
##++####'&########
#''#######
#.1...t... ##
#.@......H ..
#..####### .. #..#
#..# ###### #..#
.##..# #..# .##..#
#..# .''..# #(.#
.''..##########..#


You could see Gloorx Vloq, a minotaur, an Executioner and a snapping turtle.

Vanquished Creatures
  A minotaur (D)
  A lindwurm (D)
  A troll (D)
  A merfolk (D)
  Prince Ribbit (D)
  6 dream sheep (D)
  A ynoxinul (D)
  A fire bat (D)
  A warg (D)
  2 floating eyes (D)
  Blork the orc (D)
  An orc wizard (D)
  An orc priest (D)
  A mummy (D)
  An adder (D)
  A gnoll (D)
  An ufetubus (D)
  2 oozes (D)
  3 leopard geckos (D)
  4 orcs (D)
  2 goblins (D)
  A quokka (D)
  3 bats (D)
  A frilled lizard (D)
39 creatures vanquished.

Notes
Turn   | Place    | Note
-------+----------+-------------------------------------------
     0 | D        | galech the Demonspawn Fighter began the quest for the Orb.
     0 | D        | Reached XP level 1. HP: 18/18 MP: 1/1
     9 | D        | Noticed a floating eye
    13 | D        | Killed a floating eye
    13 | D        | Reached skill level 5 in Fighting
    13 | D        | Reached skill level 5 in Armour
    13 | D        | Reached skill level 5 in Shields
    13 | D        | Gained mutation: You have a somewhat thin skeletal
                  | structure. (Dex +2, Stealth) [demonic ancestry]
    13 | D        | Reached XP level 2. HP: 28/28 MP: 2/2
    13 | D        | Reached XP level 3. HP: 34/34 MP: 3/3
    13 | D        | Reached XP level 4. HP: 40/40 MP: 4/4
    28 | D        | Found a glowing golden altar of the Shining One.
    28 | D        | Found a glowing silver altar of Zin.
    28 | D        | Found a basalt altar of Yredelemnul.
    28 | D        | Found a shimmering altar of Xom.
    28 | D        | Found an ornate altar of the Wu Jian Council.
    28 | D        | Found a bloodstained altar of Trog.
    28 | D        | Found a deep blue altar of Sif Muna.
    28 | D        | Found a sacrificial altar of Ru.
    28 | D        | Found a stormy altar of Qazlal.
    28 | D        | Found an iron altar of Okawaru.
    28 | D        | Found a sparkling altar of Nemelex Xobeh.
    28 | D        | Found a burning altar of Makhleb.
    28 | D        | Found a viscous altar of Jiyva.
    28 | D        | Found a hazy altar of Hepliaklqana.
    28 | D        | Found an opulent altar of Gozag.
    28 | D        | Found a blossoming altar of Fedhas.
    28 | D        | Found a white marble altar of Elyvilon.
    28 | D        | Found a shadowy altar of Dithmenos.
    28 | D        | Found a snail-covered altar of Cheibriados.
    29 | D        | Found a radiant altar of Vehumet.
    29 | D        | Found a corrupted altar of Lugonu.
    29 | D        | Found a roughly hewn altar of Beogh.
    30 | D        | Found an ancient bone altar of Kikubaaqudgha.
    30 | D        | Found a hide-covered altar of Uskayaw.
    30 | D        | Found a shattered altar of Ashenzari.
    34 | D        | Became a worshipper of Warmaster Okawaru
    74 | D        | Noticed a floating eye
    75 | D        | Paralysed by a floating eye for 4 turns
    83 | D        | Killed a floating eye
    83 | D        | Reached XP level 5. HP: 48/48 MP: 5/5
   222 | D        | Noticed Prince Ribbit
   222 | D        | Noticed a fire bat
   222 | D        | Noticed a warg
   235 | D        | Killed a fire bat
   235 | D        | Reached * piety under Okawaru
   235 | D        | Reached skill level 5 in Axes
   235 | D        | Reached skill level 1 in Dodging
   235 | D        | Gained mutation: You have large cloven feet. [demonic
                  | ancestry]
   235 | D        | Reached XP level 6. HP: 56/56 MP: 6/6
   249 | D        | Killed a warg
   261 | D        | Killed Prince Ribbit
   261 | D        | Gained mutation: Your flesh is heat resistant. (rF+)
                  | [demonic ancestry]
   261 | D        | Reached XP level 7. HP: 37/64 MP: 4/7
   457 | D        | Noticed a troll
   474 | D        | Killed a troll
   474 | D        | Reached ** piety under Okawaru
   477 | D        | Noticed Blork the orc
   487 | D        | Killed Blork the orc
   695 | D        | Noticed a dream sheep
   695 | D        | Noticed a dream sheep
   695 | D        | Noticed a dream sheep
   695 | D        | Noticed a dream sheep
   695 | D        | Noticed a dream sheep
   695 | D        | Noticed a ynoxinul
   697 | D        | Noticed a dream sheep
   720 | D        | Killed a dream sheep
   720 | D        | Reached skill level 1 in Invocations
   720 | D        | Gained mutation: You have a moderately thin skeletal
                  | structure. (Dex +4, Stealth+) [demonic ancestry]
   720 | D        | Reached XP level 8. HP: 50/72 MP: 5/8
   722 | D        | Killed a dream sheep
   727 | D        | Killed a dream sheep
   727 | D        | Reached skill level 10 in Fighting
   938 | D        | Killed a dream sheep
   938 | D        | Reached *** piety under Okawaru
   942 | D        | Killed a dream sheep
   942 | D        | Received a gift from Okawaru
   942 | D        | Gained mutation: You are partially covered in sharp spines.
                  | [demonic ancestry]
   942 | D        | Reached XP level 9. HP: 74/79 MP: 10/10
   949 | D        | Reached skill level 10 in Axes
  1118 | D        | Noticed a merfolk
  1126 | D        | Killed a merfolk
  1126 | D        | Reached skill level 1 in Stealth
  1126 | D        | Reached skill level 10 in Shields
  1202 | D        | Noticed a lindwurm
  1202 | D        | Noticed a minotaur
  1219 | D        | Killed a lindwurm
  1220 | D        | Killed a minotaur
  1220 | D        | Reached **** piety under Okawaru
  1220 | D        | Reached ***** piety under Okawaru
  1434 | D        | Noticed a hell knight
  1434 | D        | Noticed a hell knight
  1434 | D        | Noticed a necromancer
  1434 | D        | Noticed Gloorx Vloq
  1434 | D        | Noticed a storm dragon
  1434 | D        | Noticed a deep elf blademaster
  1435 | D        | Noticed an Executioner
  1435 | D        | Noticed an Executioner
  1441 | D        | Noticed a minotaur
  1442 | D        | HP: 1/81 [minotaur/javelin of penetration (16)]
  1442 | D        | Slain by an Executioner

Vault maps used:
D:        pitsprint

Skill      XL: |  1  2  3  4  5  6  7  8  9 |
---------------+----------------------------+-----
Fighting       | 5 7 8 9 10 11 | 11.6
Axes           | 3 4 5 6 8 9 11 | 11.7
Armour         | 5 6 7 8 9 |  9.9
Shields        | 5 6 7 8 9 10 | 10.7
Dodging        | 1 2 3 |  3.7
Invocations    | 1 2 |  2.8
Stealth        | 1 |  1.5

Action                   |  1- 3 |  4- 6 |  7- 9 || total
-------------------------+-------+-------+-------++-------
Melee: War axe           |     3 |       |       ||     3
       Hand axe          |       |    65 |    70 ||   135
       Kick              |       |     7 |    44 ||    51
       Broad axe         |       |       |    20 ||    20
Invok: Heroism           |       |     1 |     3 ||     4
  Use: Potion            |       |     2 |     1 ||     3
  Eat: Chunk             |       |       |     2 ||     2
Armor: Scale mail        |       |     5 |       ||     5
       Chain mail        |       |    18 |    49 ||    67
Dodge: Dodged            |       |    17 |    32 ||    49
Block: Shield            |       |    33 |    71 ||   104

Table legend:
 A = Non-vault XP
 B = Vault XP
 C = Vault XP percentage of total XP
 D = Non-vault monster count
 E = Vault monster count
 F = Vault count percentage of total count
                 A         B        C        D         E       F
            +---------+---------+-------+---------+---------+-------
      Total |       0 |    5485 | 100.0 |       0 |      39 | 100.0
            +---------+---------+-------+---------+---------+-------
          D |       0 |    5485 | 100.0 |       0 |      39 | 100.0
            +---------+---------+-------+---------+---------+-------
